Map: Deathaura LE

Players

GOStephano (Stephano) - Winner!

  • Race: Zerg Zerg
  • League: Grandmaster
  • Spawn Location: 11:00

SouLeer

  • Race: Zerg Zerg
  • League: Grandmaster
  • Spawn Location: 5:00

Event: DreamHack SC2 Masters 2020 Winter

VOD

Have the link to the VOD?

Description

Time

  • Played on: Oct. 22, 2020, 11:49 a.m.
  • Length: 6:58

All games in this series

Show
View Real Time Build Order
Export as new Build Order

GOStephano Zerg - Winner!

Build Orders: Hatch First 

Get SALT Encoding   

  12  0:00  Drone  
  13  0:12  Overlord  
  13  0:17  Drone  
  14  0:31  Drone x2  
  16  0:47  Hatchery  
  15  0:51  Drone  
  15  0:54  Drone  
  17  0:58  Drone  
  18  1:08  Extractor  
  17  1:14  Spawning Pool  
  17  1:17  Drone  
  17  1:21  Drone  
  18  1:28  Drone  
  19  1:39  Drone  
  20  1:50  Drone  
  21  2:00  Queen x2  
  26  2:01  Zergling x4  
  27  2:10  Drone  
  27  2:11  Overlord  
  27  2:13  Metabolic Boost  
  28  2:28  Hatchery  
  28  2:29  Drone  
  28  2:32  Drone  
  28  2:34  Drone  
  30  2:41  Queen  
  32  2:45  Drone  
  32  2:49  Overlord  
  33  3:04  Drone x2  
  33  3:05  Baneling Nest  
  34  3:07  Drone x2  
  34  3:10  Zergling x4  
  38  3:16  Drone x2  
  40  3:20  Drone x2  
  40  3:23  Drone x2  
  44  3:36  Overlord  
  44  3:40  Drone x2  
  44  3:41  Drone  
  47  3:44  Drone  
  47  3:46  Evolution Chamber  
  47  3:49  Zergling x2  
  47  3:50  Baneling x2  
  47  3:52  Drone x2  
  50  3:55  Overlord  
  50  3:58  Drone x2  
  52  4:03  Drone x3, Extractor  
  52  4:04  Extractor  
  52  4:07  Drone x2  
  55  4:12  Overlord  
  52  4:24  Zergling x18  
  52  4:29  Zerg Ground Armor Level 1  
  52  4:31  Baneling x2  
  60  4:34  Roach Warren  
  60  4:37  Drone  
  60  4:38  Drone x2  
  62  4:45  Drone x5  
  66  4:56  Overlord  
  66  4:59  Overlord  
  66  5:03  Overlord  
  66  5:05  Baneling  
  66  5:06  Baneling x2  
  66  5:08  Overlord x3  
  66  5:18  Roach x7  
  77  5:25  Roach x3  
  80  5:39  Roach  
  80  5:40  Roach x5  
  90  5:49  Roach x2  
  94  5:51  Overlord x2  
  94  5:52  Zergling x4  
  95  6:01  Zergling x6  
  98  6:06  Baneling x3  
  98  6:07  Ravager x2  
  98  6:08  Zergling x2  
  101  6:11  Zergling x2  
  101  6:12  Extractor, Zergling x6  
  101  6:15  Zergling x8  
  108  6:20  Ravager  
  107  6:29  Roach x6  
Show
View Real Time Build Order
Export as new Build Order

SouLeer Zerg 

Build Orders: Hatch First 

Get SALT Encoding   

  12  0:00  Drone  
  13  0:12  Overlord  
  13  0:17  Drone  
  14  0:30  Drone x2  
  16  0:47  Hatchery  
  15  0:51  Drone  
  15  0:54  Drone  
  17  0:59  Drone  
  18  1:09  Extractor  
  17  1:14  Spawning Pool  
  17  1:17  Drone  
  17  1:20  Drone  
  18  1:28  Drone  
  19  1:39  Drone  
  20  1:51  Overlord  
  20  1:59  Drone  
  20  2:00  Drone, Queen x2  
  26  2:10  Drone x2  
  26  2:13  Metabolic Boost  
  28  2:21  Zergling x4  
  30  2:34  Hatchery  
  29  2:38  Drone  
  29  2:43  Drone x2  
  32  2:46  Drone  
  33  2:53  Overlord  
  33  2:56  Drone  
  34  3:01  Baneling Nest  
  33  3:07  Overlord  
  33  3:12  Drone x3  
  36  3:22  Overlord  
  36  3:25  Drone x4  
  40  3:32  Drone  
  40  3:33  Evolution Chamber  
  39  3:35  Queen  
  39  3:38  Zergling x2  
  42  3:41  Zergling x4  
  42  3:42  Zergling x2  
  42  3:43  Drone  
  42  3:46  Overlord  
  46  3:48  Drone  
  46  3:51  Drone  
  46  3:54  Drone x2  
  50  3:59  Zerg Missile Weapons Level 1  
  50  4:00  Drone x2  
  52  4:06  Drone  
  52  4:07  Overlord  
  52  4:09  Drone x2  
  55  4:23  Drone x7  
  55  4:26  Extractor  
  55  4:27  Extractor  
  51  4:31  Roach Warren  
  51  4:32  Drone x2  
  51  4:36  Drone  
  54  4:38  Drone  
  54  4:39  Lair  
  54  4:42  Drone  
  54  4:45  Drone x3  
  58  4:50  Drone x2  
  60  4:56  Zergling x2  
  60  4:57  Baneling x2  
  61  5:00  Zergling x6  
  61  5:04  Zergling x4  
  66  5:08  Drone x4  
  66  5:09  Queen  
  71  5:14  Drone  
  71  5:15  Drone x2  
  71  5:18  Zergling x4  
  67  5:29  Drone  
  61  5:37  Drone x7  
  64  5:45  Roach x2  
  64  5:47  Spine Crawler  
  64  5:49  Spine Crawler  
  66  5:50  Queen x2  
  66  5:52  Roach x2  
  74  5:58  Spine Crawler  
  74  6:01  Overlord x2  
  73  6:07  Baneling x2  
  73  6:08  Baneling x2  
  73  6:11  Spine Crawler  
  73  6:13  Roach  
  73  6:15  Spine Crawler  
  73  6:19  Roach  
  73  6:21  Roach x5  
  84  6:28  Roach x3  
  84  6:31  Roach  
  89  6:39  Roach x2  
Tags
 
Add a new tag
Caveats
  • Supply blocks, unpowered buildings, or Contaminate may cause inaccurate times.
  • Supply counts are checked every 10 seconds.